 Dungeon Sprint DCSS version 0.26.1-11-gd32895ea62 (webtiles) character file.

Game seed: 13275046910904322876

681 Zeld the Geomancer (level 7, -3/47 HPs)
             Began as a Gargoyle Earth Elementalist on June 12, 2021.
             Was a Believer of Sif Muna.
             Slain by a tarantella (15 damage)
             ... in the Dungeon (Sprint V: "Ziggurat Sprint").
             The game lasted 00:01:35 (389 turns).

Zeld the Geomancer (Gargoyle Earth Elementalist)     Turns: 389, Time: 00:01:36

Health: -3/47      AC:  6    Str: 12    XL:     7   Next: 61%
Magic:  13/18      EV: 14    Int: 29    God:    Sif Muna [**....]
Gold:   0          SH:  0    Dex: 10    Spells: 7/22 levels left

rFire    . . .     SeeInvis .   (no weapon)
rCold    . . .     Faith    .   (no shield)
rNeg     + . .     Spirit   .   c - +0 robe
rPois    ∞         Reflect  .   (no helmet)
rElec    +         Harm     .   (no cloak)
rCorr    .         Rampage  .   (no gloves)
Will     .....     NoTele   +   (no boots)
Stlth    +++.......             (no amulet)
HPRegen  0.15/turn              v - +6 ring of intelligence
MPRegen  0.16/turn              w - +6 ring of intelligence

@: no status effects
A: negative energy resistance 1, electricity resistance, unbreathing,
petrification resistance, miasma immunity, AC +4
a: Renounce Religion, Channel Magic


You were in the Dungeon.
You worshipped Sif Muna.
Sif Muna was pleased with you.
You visited 1 branch

Inventory:

Missiles
 b - 30 stones (quivered)
Armour
 c - a +0 robe (worn)
Jewellery
 v - a +6 ring of intelligence (left hand)
 w - a +6 ring of intelligence (right hand)
Wands
 s - a wand of disintegration (7)
 t - a wand of iceblast (7)
 u - a wand of acid (7)
Scrolls
 i - 4 scrolls of blinking
 l - 4 scrolls of amnesia
 n - 7 scrolls of fog
 o - a scroll of holy word
 p - 5 scrolls of identify
 q - 5 scrolls of remove curse
 r - 2 scrolls of fear
Potions
 a - 2 potions of brilliance
 d - 9 potions of curing
 e - 10 potions of heal wounds
 f - 6 potions of haste
 g - 7 potions of magic
 h - 3 potions of berserk rage
 j - 2 potions of invisibility
 k - 4 potions of resistance
 m - 5 potions of might
Miscellaneous
 x - a lightning rod (4/4)


   Skills:
 + Level 6.4 Fighting
 + Level 5.2 Dodging
 - Level 5.0 Stealth
 * Level 8.1 Spellcasting
 - Level 2.1 Transmutations
 * Level 10.8 Earth Magic
 + Level 5.6 Invocations


You had 7 spell levels left.
You knew the following spells:

 Your Spells              Type           Power        Failure   Level
a - Sandblast             Erth           100%         1%          1
b - Passwall              Tmut/Erth      40%          1%          2
c - Stone Arrow           Conj/Erth      86%          1%          3
d - Petrify               Tmut/Erth      49%          3%          4
e - Lee's Rapid Deconstr  Erth           33%          1%          5

Your spell library contained the following spells:

 Spells                   Type           Power        Failure   Level


Dungeon Overview and Level Annotations

Branches:
Dungeon (1/1)

Altars:
Ashenzari
Cheibriados
Dithmenos
Elyvilon
Fedhas
Gozag
Hepliaklqana
Kikubaaqudgha
Makhleb
Nemelex Xobeh
Okawaru
Qazlal
Ru
Sif Muna
Trog
Uskayaw
Vehumet
Wu Jian
Xom
Yredelemnul
Zin
The Shining One
Beogh
Jiyva
Lugonu

Annotations:
D 1 transporter


Innate Abilities, Weirdness & Mutations

You are resistant to torment.
Your stone body is resilient. (AC +4)
You are immune to poison.
You resist negative energy. (rN+)
You are resistant to electric shocks. (rElec)
You can survive without breathing.
You are immune to petrification.
You are immune to miasma.


Message History

You are confused.
You're too confused to cast spells.
You're too confused to cast spells.
You're too confused to cast spells.
Unknown command.
You're too confused to cast spells.
You're too confused to move!
The jumping spider pounces on you but does no damage.
The jumping spider bites you.
The tarantella bites you but does no damage.
The jumping spider leaps!
You bump into the unnaturally hard rock wall.
The tarantella bites you! The tarantella closely misses you.
The jumping spider leaps!
The tarantella bites you!
* * * LOW HITPOINT WARNING * * *
Unknown command.
You are too confused!
Unknown command.
You feel better. The tarantella bites you!
You die...

▓▓▓▓▓▓▓▓▓▓▓▓▓▓▓▓▓▓▓
▓.8©8.▓.8©8.▓.8©8.▓
▓.[::.▓.[)}.▓.....▓
▓..)..▓.....▓.).).▓
▓.....▓.....▓..†..▓
▓.....▓..†..▓.....▓
▓...s.▓..†..▓..©..▓
▓.○s@.▓..©..▓▓▓▓▓▓▓
▓▓▓▓▓▓▓▓▓▓▓▓▓


You could see a jumping spider and a tarantella.

Vanquished Creatures
  2 tarantellas (D)
  2 black bears (D)
  A wolf (D)
  2 scorpions (D)
7 creatures vanquished.

Notes
Turn   | Place    | Note
-------+----------+-------------------------------------------
     0 | D        | Zeld the Gargoyle Earth Elementalist began the quest for
                  | the Orb.
     0 | D        | Reached XP level 1. HP: 10/10 MP: 3/3
     0 | D        | Found a shimmering blue altar of Sif Muna.
     0 | D        | Found a bloodstained altar of Trog.
     0 | D        | Found a sacrificial altar of Ru.
     0 | D        | Found a stormy altar of Qazlal.
     0 | D        | Found an iron altar of Okawaru.
     1 | D        | Found a sparkling altar of Nemelex Xobeh.
     1 | D        | Found a blossoming altar of Fedhas.
     2 | D        | Found the +6 Majin-Bo {vamp, MP+6 Int+6}
     2 | D        | Found the +9 heavy crossbow "Sniper" {vorpal, Acc+∞ SInv}
     2 | D        | Found the +10 dark maul {vorpal}
     2 | D        | Found the +15 Maxwell's patent armour {-Cast -Tele rElec
                  | Will+ rCorr}
     2 | D        | Found the +18 shield of the Gong {rElec rN+ Will+ EV-5}
     2 | D        | Found the cursed +14 obsidian axe {vorpal, +Fly SInv
                  | *Curse}
     2 | D        | Found the +7 great mace "Firestarter" {inner flame, rF++}
     2 | D        | Found the +6 shillelagh "Devastator" {shatter}
     2 | D        | Found the +11 plutonium sword {*Contam Stlth-}
     2 | D        | Found the +8 lance "Wyrmbane" {slay drac, rPois rF+ rC+
                  | AC+3}
     2 | D        | Found the +9 sword of Zonguldrok {reap}
     2 | D        | Found the cursed +13 scythe of Curses {drain, *Curse}
     2 | D        | Found the +5 sword of Power {vorpal}
     2 | D        | Found the +7 mace of Variability {chain chaos}
     2 | D        | Found the +7 Singing Sword {vorpal, sonic wave}
     2 | D        | Found the +8 storm bow {elec, penet}
     3 | D        | Reached skill level 5 in Earth Magic
     3 | D        | Reached XP level 2. HP: 18/18 MP: 3/6
     4 | D        | Found a transporter.
     4 | D        | Found an ancient bone altar of Kikubaaqudgha.
     4 | D        | Found a viscous altar of Jiyva.
     4 | D        | Found a corrupted altar of Lugonu.
     4 | D        | Found a hazy altar of Hepliaklqana.
     4 | D        | Found a burning altar of Makhleb.
     4 | D        | Found an opulent altar of Gozag.
    21 | D        | Became a worshipper of Sif Muna the Loreminder
    63 | D        | Learned a level 2 spell: Passwall
    72 | D        | Entered arena 2.
    72 | D        | Noticed a scorpion
    72 | D        | Noticed a scorpion
    72 | D        | Found a transporter.
    74 | D        | Killed a scorpion
    75 | D        | Reached skill level 6 in Earth Magic
    75 | D        | Reached skill level 1 in Invocations
    75 | D        | Reached XP level 3. HP: 23/23 MP: 7/9
    76 | D        | Killed a scorpion
    77 | D        | Reached skill level 5 in Spellcasting
    77 | D        | Reached skill level 7 in Earth Magic
    77 | D        | Reached XP level 4. HP: 29/29 MP: 8/11
    81 | D        | Learned a level 3 spell: Stone Arrow
    86 | D        | Learned a level 4 spell: Petrify
   277 | D        | Entered arena 3.
   277 | D        | Noticed a black bear
   277 | D        | Noticed a wolf
   277 | D        | Noticed a black bear
   277 | D        | Found a transporter.
   278 | D        | Found the +3 robe of Folly {Archmagi, Will-- Int+5}
   280 | D        | Killed a black bear
   280 | D        | Reached * piety under Sif Muna
   280 | D        | Killed a wolf
   281 | D        | Reached skill level 5 in Fighting
   281 | D        | Reached skill level 5 in Stealth
   281 | D        | Reached skill level 9 in Earth Magic
   281 | D        | Reached XP level 5. HP: 30/35 MP: 12/14
   281 | D        | Reached XP level 6. HP: 34/40 MP: 12/15
   281 | D        | Killed a black bear
   288 | D        | Learned a level 5 spell: Lee's Rapid Deconstruction
   381 | D        | Entered arena 4.
   381 | D        | Noticed a jumping spider
   381 | D        | Noticed a tarantella
   381 | D        | Noticed a tarantella
   381 | D        | Noticed a tarantella
   381 | D        | Found a transporter.
   384 | D        | Killed a tarantella
   384 | D        | Reached ** piety under Sif Muna
   384 | D        | Killed a tarantella
   385 | D        | Reached skill level 5 in Dodging
   385 | D        | Reached skill level 10 in Earth Magic
   385 | D        | Reached skill level 5 in Invocations
   385 | D        | Reached XP level 7. HP: 37/47 MP: 16/18
   388 | D        | HP: 2/47 [tarantella (13)]
   389 | D        | Slain by a tarantella

Illustrated notes

Levels and vault maps discovered:
D:        sprint_v [room_start, room_1, room_2, room_3, room_4, room_5, room_6,
          room_7, room_8, room_9, room_10, room_11, room_12, room_13, room_14,
          room_15, room_16, room_17, room_18, room_19, room_20, room_21,
          room_22, room_23, room_24, room_25, room_26, room_27]

Skill      XL: |  1  2  3  4  5  6 |
---------------+-------------------+-----
Fighting       | 2 3 5 6 |  6.4
Dodging        | 2 3 4 5 |  5.2
Stealth        | 3 4 5 |  5.0
Spellcasting   | 3 4 5 6 8 |  8.1
Transmutations | 2 |  2.1
Earth Magic    | 5 6 7 9 10 | 10.8
Invocations    | 1 2 4 5 |  5.6

Action                   |  1- 3 |  4- 6 |  7- 9 || total
-------------------------+-------+-------+-------++-------
 Cast: Stone Arrow       |       |       |     1 ||     1
Evoke: Lightning rod     |     4 |     7 |       ||    11
  Use: Potion            |     1 |       |     1 ||     2
Armor: Robe              |       |       |     2 ||     2
Dodge: Dodged            |     1 |     2 |     1 ||     4
